 Dungeon Crawl Stone Soup version 0.25.1-9-gc5326a611f (webtiles) character file.

Game seed: 17802468766089426624

84 RETERIOR the Insei (level 4, 0/28 HPs)
             Began as an Octopode Transmuter on Jan 2, 2021.
             Succumbed to a worker ant's poison
             ... on level 3 of the Dungeon.
             The game lasted 00:07:12 (2494 turns).

RETERIOR the Insei (Octopode Transmuter)            Turns: 2494, Time: 00:07:12

Health: 0/28       AC:  1    Str:  9    XL:     4   Next: 45%
Magic:  6/7        EV: 14    Int: 16    God:
Gold:   152        SH:  0    Dex: 12    Spells: 7/8 levels left

rFire    . . .     SeeInvis .   m - +3 dagger
rCold    . . .     Gourm    .   (no shield)
rNeg     . . .     Faith    .   (helmet restricted)
rPois    .         Spirit   .   (no amulet)
rElec    .         Reflect  .   (no ring)
rCorr    .         Harm     .   (no ring)
MR       .....                  (no ring)
Stlth    ++........             (no ring)
HPRegen  0.09/turn              (no ring)
MPRegen  0.10/turn              (no ring)
                                (no ring)
                                (no ring)

@: lethally poisoned (0 -> -16), very slightly contaminated
A: almost no armour, stealthy swim, amphibious, 8 rings, constrict 8, camouflage
1, gelatinous body 1
a: no special abilities


You were on level 3 of the Dungeon.
You were not hungry.

You visited 1 branch of the dungeon, and saw 3 of its levels.

You collected 152 gold pieces.

Inventory:

Hand Weapons
 b - a +0 hand axe
 m - a +3 dagger (weapon)
Missiles
 a - 12 arrows
Armour
 o - a +0 pair of gloves
Jewellery
 f - an uncursed amulet of faith {unknown}
Wands
 k - a wand of flame (24)
Scrolls
 g - a scroll of teleportation {unknown}
 i - a scroll of magic mapping {unknown}
 p - a scroll of immolation {unknown}
Potions
 d - a potion of flight {unknown}
 e - a potion of ambrosia {unknown}
 h - a potion of cancellation {unknown}
 j - 3 potions of curing {unknown}
 l - a potion of might {unknown}
Comestibles
 c - 4 rations
 n - 4 chunks of flesh


   Skills:
 + Level 1.1 Fighting
 + Level 1.3 Short Blades
 + Level 0.8 Axes
 + Level 2.6 Dodging
 + Level 0.8 Stealth
 + Level 3.3 Unarmed Combat
 + Level 2.5 Spellcasting
 + Level 2.4 Transmutations


You had 7 spell levels left.
You knew the following spells:

 Your Spells              Type           Power        Failure   Level  Hunger
a - Beastly Appendage     Tmut           #.....       7%          1    #......

Your spell library contained the following spells:

 Spells                   Type           Power        Failure   Level  Hunger
 Sticks to Snakes         Tmut           #.......     11%         2    ##.....
 Spider Form              Tmut/Pois      #.........   34%         3    ###....
 Ice Form                 Ice/Tmut       #.......     75%         4    #####..
 Blade Hands              Tmut           #.........   89%         5    ######.


Dungeon Overview and Level Annotations

Branches:
Dungeon (3/15)

Altars:
Gozag
The Shining One


Innate Abilities, Weirdness & Mutations

You cannot wear most types of armour.
You are very stealthy in the water. (Stealth+)
You are amphibious.
You can wear up to eight rings at the same time.
You can use your tentacles to constrict eight enemies at once.
Your skin changes colour to match your surroundings (Stealth+).
Your rubbery body absorbs attacks. (AC +1, EV +1)


Message History

Confirm with . or Enter, or press ? or * to list all spells.
You miscast Beastly Appendage.
You are very lightly contaminated with residual magic.
Nothing appears to happen.
You constrict the worker ant.
You feel sick. The worker ant misses you.
You hit the worker ant but do no damage.
The worker ant is heavily wounded.
You constrict the worker ant.
You feel sick. The worker ant bites you.
You are lethally poisoned!
The worker ant poisons you!
You hit the worker ant but do no damage.
The worker ant is heavily wounded.
You constrict the worker ant.
You feel sick. The worker ant bites you.
* * * LOW HITPOINT WARNING * * *
The worker ant bites you!
* * * LOW HITPOINT WARNING * * *
You hit the worker ant. You tentacle-slap the worker ant.
The worker ant is severely wounded.
You constrict the worker ant.
You die...

## .. ## .# ..) .# ..?.
###.#..... .. #a....._..
..# #@.# #.# #..# #.#
#..# #.#
##########..####... #.#
#...)............#
###.####.########.#.#..#
.........# #[#... #
###.####.# #.# ### ###.#
#.# #.#


You could see a worker ant.

Vanquished Creatures
  Terence (D:2)
  3 worms (D:2)
  3 dart slugs
  4 giant cockroaches
  4 goblins
  7 hobgoblins
  3 jackals (D:3)
  5 kobolds
  A quokka (D:2)
  A ball python (D:1)
  2 bats
  2 frilled lizards
  5 rats
41 creatures vanquished.

Notes
Turn   | Place    | Note
-------+----------+-------------------------------------------
     0 | D:1      | RETERIOR the Octopode Transmuter began the quest for the
                  | Orb.
     0 | D:1      | Reached XP level 1. HP: 13/13 MP: 3/3
   109 | D:1      | Reached XP level 2. HP: 12/18 MP: 5/5
   724 | D:1      | Reached XP level 3. HP: 23/23 MP: 6/6
  1001 | D:2      | Found a glowing golden altar of the Shining One.
  1799 | D:2      | Noticed Terence
  1810 | D:2      | Killed Terence
  1810 | D:2      | Reached skill level 1 in Short Blades
  1810 | D:2      | Reached XP level 4. HP: 20/28 MP: 5/7
  2484 | D:3      | Found an opulent altar of Gozag.
  2493 | D:3      | HP: 1/28 [worker ant (7)]
  2494 | D:3      | Succumbed to a worker ant's poison

Illustrated notes

Levels and vault maps discovered:
D:1:      minmay_arrival_solitary_statue, layout_basic
D:2:      layout_loops_ring, lemuel_crystal_altar, uniq_terence
D:3:      minmay_chambers_of_threes, layout_basic,
          nicolae_overflow_crystal_walls, minmay_door_square

Skill      XL: |  1  2  3 |
---------------+----------+-----
Short Blades   | 1 |  1.3
Fighting       | |  1.1
Axes           | |  0.8
Dodging        | |  2.6
Stealth        | |  0.8
Unarmed Combat | |  3.3
Spellcasting   | |  2.5
Transmutations | |  2.4

Action                   |  1- 3 |  4- 6 || total
-------------------------+-------+-------++-------
Melee: Unarmed           |     9 |       ||     9
       Constrict         |    20 |     5 ||    25
       Kick              |    12 |     2 ||    14
       Hand axe          |    43 |       ||    43
       Tentacles         |    10 |     5 ||    15
       Dagger            |    15 |    30 ||    45
       Punch             |       |     1 ||     1
 Cast: Beastly Appendage |    15 |     4 ||    19
 Stab: Sleeping          |     3 |     1 ||     4
  Eat: Ration            |     1 |       ||     1
       Chunk             |       |     2 ||     2
Armor: Skin              |     4 |     1 ||     5
Dodge: Dodged            |    50 |    16 ||    66
